 Dungeon Crawl Stone Soup version 0.30.0-17-ge0270778cf (webtiles) character file.

Game seed: 13169392352586253972

6843 meatpath the Geomancer (level 11, -4/64 HPs)
             Began as a Gargoyle Earth Elementalist on May 22, 2023.
             Was a Follower of Vehumet.
             Killed from afar by a smoke demon (14 damage)
             ... with a ball of steam
             ... on level 1 of the Abyss on May 23, 2023.
             The game lasted 00:41:52 (10181 turns).

meatpath the Geomancer (GrEE)                      Turns: 10181, Time: 00:41:54

Health: -4/64      AC: 20    Str: 11    XL:     11   Next: 6%
Magic:  13/17      EV:  9    Int: 27    God:    Vehumet [*.....]
Gold:   486        SH: 12    Dex: 10    Spells: 10/18 levels left

rFire   . . .        f - +0 hand axe (flame)
rCold   . . .        E - +2 kite shield
rNeg    + . .        K - +0 acid dragon scales
rPois   ∞            (no helmet)
rElec   +            J - +2 cloak
rCorr   +            w - +2 pair of gloves
SInv    .            (no boots)
Will    .....        (no amulet)
Stlth   +            g - +6 ring of intelligence
HPRegen 0.30/turn    (no ring)
MPRegen 0.15/turn

%: no passive effects
@: about to teleport
A: sickness immunity, AC +8, negative energy resistance 1, electricity
resistance, torment resistance 1, petrification resistance
a: Renounce Religion


You were on level 1 of the Abyss.
You worshipped Vehumet.
Vehumet was aware of your devotion.
You visited 2 branches of the dungeon, and saw 10 of its levels.
You visited the Abyss 1 time.
You also visited: Sewer.

You collected 486 gold pieces.

Inventory:

Hand Weapons
 f - a +0 hand axe of flaming (weapon)
Armour
 k - a +0 scale mail of fire resistance
 w - a +2 pair of gloves (worn)
 E - a +2 kite shield (worn)
 H - a scarf of harm
 J - a +2 cloak (worn)
 K - +0 acid dragon scales (worn)
Magical Staves
 t - a staff of fire
Jewellery
 g - a +6 ring of intelligence (left hand)
Wands
 y - a wand of light (5)
 A - a wand of digging (3)
 B - a wand of flame (21)
 F - a wand of roots (11)
Scrolls
 a - a scroll of brand weapon
 c - 2 scrolls of teleportation
 d - 2 scrolls of immolation
 e - a scroll of fear
 j - 2 scrolls of vulnerability
 l - a scroll of fog
 m - 2 scrolls of noise
 o - a scroll of silence
 p - 4 scrolls of poison
 q - 2 scrolls of blinking
 D - a scroll of magic mapping
 G - a scroll of amnesia
 I - 2 scrolls of torment
Potions
 b - a potion of magic
 h - 2 potions of cancellation
 i - a potion of lignification {unknown}
 n - 6 potions of berserk rage
 r - 2 potions of might
 s - 4 potions of mutation
 u - 2 potions of attraction {unknown}
 v - a potion of flight {unknown}
 z - 3 potions of invisibility {unknown}
 C - 7 potions of curing {unknown}


   Skills:
 + Level 6.2 Fighting
 - Level 1.5 Dodging
 - Level 2.1 Stealth
 + Level 8.5 Shields
 - Level 4.0 Spellcasting
 - Level 7.1 Conjurations
 - Level 7.0 Transmutations
 - Level 9.4 Earth Magic


You had 10 spell levels left.
You knew the following spells:

 Your Spells              Type           Power      Damage    Failure   Level
a - Sandblast             Erth           100%       2d20      1%          1
b - Stone Arrow           Conj/Erth      100%       3d13      3%          3
c - Petrify               Tmut/Erth      49%        N/A       13%         4

Your spell library contained the following spells:

 Spells                   Type           Power      Damage    Failure   Level
 Magic Dart               Conj           100%       1d8       1%          1
 Passwall                 Tmut/Erth      40%        N/A       1%          2
 Sting                    Tmut/Pois      96%        1d7       9%          1
 Ignite Poison            Fire/Tmut/Pois 18%        N/A       38%         3
 Animate Armour           Summ/Erth      60%        N/A       47%         4
 Ensorcelled Hibernation  Hex/Ice        10%        N/A       50%         2
 Poisonous Vapours        Pois/Air       10%        N/A       50%         2
 Scorch                   Fire           10%        2d5       50%         2
 Flame Wave               Conj/Fire      24%        2d8       65%         4
 Swiftness                Air            5%         N/A       73%         3
 Olgreb's Toxic Radiance  Pois           5%         N/A       98%         4
 Freezing Cloud           Conj/Ice/Air   9%         6-21      98%         5
 Summon Cactus Giant      Summ           2%         N/A       100%        6
 Lehudib's Crystal Spear  Conj/Erth      25%        10d7      100%        8
 Cigotuvi's Dreadful Rot  Necr/Pois/Air  Unusable   N/A       N/A         2

Dungeon Overview and Level Annotations

Branches:
Dungeon (9/15)             Temple (1/1) D:7            Lair (0/5) D:9
  Sewer (visited)
    Orc: D:9-12

Altars:
Ashenzari
Cheibriados
Elyvilon
Gozag
Hepliaklqana
Kikubaaqudgha
Makhleb
Nemelex Xobeh
Okawaru
Qazlal
Ru
Sif Muna
Trog
Uskayaw
Vehumet
Wu Jian
Xom
Zin
The Shining One

Shops:
D:3 (   D:8 :

Annotations:
D:9 Erolcha
Temple 2 transporters


Innate Abilities, Weirdness & Mutations

You are immune to sickness and miasma.
Your stone body is resilient. (AC +8)
You are immune to poison.
You resist negative energy. (rN+)
You are resistant to electric shocks. (rElec)
You are resistant to unholy torment.
You are immune to petrification.


Message History

The small abomination attacks as you move away!
The small abomination hits you!
* * * LOW HITPOINT WARNING * * *
You block the fire bat's attack.
You closely miss the fire bat.
You hit the small abomination but do no damage.
You block the fire bat's attack. The small abomination hits you.
* * * LOW HITPOINT WARNING * * *
The fire bat bites you but does no damage.
The small abomination closely misses you.
The fire bat attacks as you move away! You block the fire bat's attack. x2
You can't see any enemies this would affect, really read the scroll of fear?
Okay, then.
Blink to where?
Press: ? - help, Dir - move target A smoke demon comes into view.
As you read the scroll of blinking, it crumbles to dust.
The smoke demon roars!
As you read the scroll of teleportation, it crumbles to dust.
You feel strangely unstable.
You feel the power of the Abyss delaying your translocation!
A small abomination comes into view.
The smoke demon hits you.
* * * LOW HITPOINT WARNING * * *
You block the smoke demon's attack. x2
The smoke demon hits you.
* * * LOW HITPOINT WARNING * * *
The smoke demon hits you but does no damage. x2
Okay, then.
The smoke demon gestures at you. The sticky flame misses you.
You block the fire bat's attack.
The fire bat bites you but does no damage.
The fire bat attacks as you move away! You block the fire bat's attack.
The fire bat bites you but does no damage.
The fire bat barely misses you. The smoke demon gestures at you.
The ball of steam hits the fire bat.
The fire bat resists.
The ball of steam hits you!
You die...

# #. .### #... #..#
#..##..# .#
..#...@#####..#
#......bx...#
...#..###§x####
#....##.....#.#
#..#..#.###3..# ..
.....#...#.# ### .
.##....#.#.###### .#..
#..##....3####.#.##..#
. ..#.##.###..#.... .


You could see 2 small abominations and a fire bat.

Vanquished Creatures
  A large abomination (Abyss:1)
  A sixfirhy (Abyss:1)
  Pikel (D:5)
  A hornet (D:8)
  Grinder (D:4)
  A vampire (D:9)
  Sigmund (D:3)
  4 yaks
  A shadow (D:9)
  Menkaure (D:4)
  A chaos spawn (Abyss:1)
  An acid dragon (D:9)
  Duvessa (D:5)
  3 water moccasins
  2 sky beasts
  2 ogres
  2 centaurs
  A lemure (D:5)
  2 phantoms (D:4)
  3 kobold brigands
  4 bullfrogs
  2 gnoll sergeants
  5 wights
  6 killer bees
  Dowan (D:5)
  A vampire bat (D:4)
  4 howler monkeys
  A lava snake (D:7)
  A quasit (Sewer)
  A gnoll bouda (D:4)
  3 hounds
  7 orc priests
  2 jellies
  Natasha (thrice) (D:4)
  3 iguanas
  4 orc wizards
  Robin (D:2)
  14 gnolls
  3 adders
  3 shadow imps
  4 white imps
  4 ufetubi
  3 worms
  3 dart slugs
  25 orcs
  4 ball pythons
  3 endoplasms
  4 giant cockroaches
  15 goblins
  4 hobgoblins
  26 kobolds
  6 quokkas
  14 bats
  3 frilled lizards
  4 rats
222 creatures vanquished.

Vanquished Creatures (others)
  An adder zombie (Sewer)
  2 giant cockroach zombies (Sewer)
  A kobold zombie (Sewer)
4 creatures vanquished.

Grand Total: 226 creatures vanquished

Notes
Turn   | Place    | Note
-------+----------+-------------------------------------------
     0 | D:1      | meatpath the Gargoyle Earth Elementalist began the quest
                  | for the Orb.
     0 | D:1      | Reached XP level 1. HP: 10/10 MP: 3/3
   214 | D:1      | Reached XP level 2. HP: 15/15 MP: 3/5
   243 | D:1      | Reached skill level 4 in Earth Magic
   667 | D:2      | Noticed Robin
   684 | D:2      | Killed Robin
   685 | D:2      | Reached XP level 3. HP: 19/19 MP: 1/7
   901 | D:2      | Learned a level 3 spell: Stone Arrow
  1532 | D:3      | Found a bloodstained altar of Trog.
  1558 | D:2      | Reached skill level 1 in Conjurations
  1558 | D:2      | Reached skill level 5 in Earth Magic
  1558 | D:2      | Reached XP level 4. HP: 19/24 MP: 5/8
  1599 | D:3      | Found Reta's Weapon Emporium.
  1665 | D:3      | Found a shimmering altar of Xom.
  1692 | D:2      | Reached XP level 5. HP: 26/28 MP: 6/9
  1922 | D:3      | Found a shimmering altar of Xom.
  1923 | D:3      | Found a shimmering altar of Xom.
  1925 | D:3      | Found a shimmering altar of Xom.
  2502 | D:3      | Noticed an ogre
  2522 | D:3      | Killed an ogre
  2523 | D:3      | Reached skill level 6 in Earth Magic
  2523 | D:3      | Reached XP level 6. HP: 7/32 MP: 0/10
  2725 | D:3      | Noticed Sigmund
  2843 | D:3      | Killed Sigmund
  2844 | D:3      | Reached skill level 7 in Earth Magic
  2844 | D:3      | Reached XP level 7. HP: 30/36 MP: 2/11
  2924 | D:3      | Learned a level 4 spell: Petrify
  3014 | D:4      | Reached skill level 1 in Transmutations
  3167 | D:4      | Found a stormy altar of Qazlal.
  3183 | D:4      | Reached skill level 5 in Conjurations
  3282 | D:4      | Noticed Natasha
  3287 | D:4      | Killed Natasha
  3380 | D:4      | Noticed Natasha
  3384 | D:4      | Killed Natasha
  3528 | D:4      | Noticed Grinder
  3538 | D:4      | Killed Grinder
  3539 | D:4      | Reached XP level 8. HP: 41/41 MP: 0/12
  3727 | D:4      | Noticed Natasha
  3729 | D:4      | Killed Natasha
  3903 | D:4      | Found a hazy altar of Hepliaklqana.
  4025 | D:4      | Noticed Menkaure
  4029 | D:4      | Killed Menkaure
  4173 | D:5      | Entered Level 5 of the Dungeon
  4335 | D:5      | Found a glowing drain.
  4365 | Sewer    | Entered a sewer
  4861 | Sewer    | Found a burning altar of Makhleb.
  5255 | D:5      | Noticed a +0 dagger
  5255 | D:5      | Noticed a +0 short sword
  5255 | D:5      | Noticed a +0 spear
  5256 | D:5      | Noticed a +0 spear
  5256 | D:5      | Noticed a +0 short sword
  5257 | D:5      | Noticed a +0 falchion
  5258 | D:5      | Noticed a +0 dagger
  5258 | D:5      | Noticed a +0 falchion
  5260 | D:5      | Found a hide-covered altar of Uskayaw.
  5302 | D:5      | Reached skill level 8 in Earth Magic
  5302 | D:5      | Reached XP level 9. HP: 37/45 MP: 3/13
  5467 | D:5      | Reached skill level 5 in Transmutations
  5549 | D:5      | Noticed Dowan
  5556 | D:5      | Noticed Duvessa
  5562 | D:5      | Killed Duvessa
  5577 | D:5      | Killed Dowan
  6137 | D:6      | Reached skill level 9 in Earth Magic
  6486 | D:6      | Found an opulent altar of Gozag.
  6490 | D:6      | Reached skill level 1 in Shields
  6629 | D:6      | Noticed Pikel
  6707 | D:5      | Killed Pikel
  6975 | D:6      | Found a burning altar of Makhleb.
  7396 | D:7      | Found a staircase to the Ecumenical Temple.
  7416 | Temple   | Entered the Ecumenical Temple
  7416 | Temple   | Found a transporter.
  7416 | Temple   | Found a transporter.
  7494 | Temple   | Found a transporter.
  7494 | Temple   | Found a transporter.
  7531 | Temple   | Became a worshipper of Vehumet
  7564 | D:7      | Reached XP level 10. HP: 50/50 MP: 12/14
  7723 | D:7      | Found an iron altar of Okawaru.
  7728 | D:7      | Found a glowing golden altar of the Shining One.
  7914 | D:7      | Reached skill level 5 in Shields
  8614 | D:8      | Reached skill level 1 in Fighting
  8785 | D:8      | Found Iqaqeas's Tremendous Tomes.
  9434 | D:9      | Reached * piety under Vehumet
  9434 | D:9      | Offered knowledge of Magic Dart by Vehumet.
  9543 | D:9      | Found a staircase to the Lair.
  9586 | D:9      | Found a sacrificial altar of Ru.
  9951 | D:9      | Noticed Erolcha
  9957 | Abyss:1  | Cast into level 1 of the Abyss (Erolcha)
 10029 | Abyss:1  | Found a corrupted altar of Lugonu.
 10089 | Abyss:1  | Noticed a starcursed mass
 10114 | Abyss:1  | Noticed a large abomination
 10115 | Abyss:1  | Found a corrupted altar of Lugonu.
 10141 | Abyss:1  | Noticed a sixfirhy
 10154 | Abyss:1  | Killed a sixfirhy
 10155 | Abyss:1  | Reached skill level 5 in Fighting
 10156 | Abyss:1  | Killed a large abomination
 10157 | Abyss:1  | Reached XP level 11. HP: 29/64 MP: 10/17
 10181 | Abyss:1  | Killed from afar by a smoke demon

Illustrated notes

Levels and vault maps discovered:
D:1:      lightli_arrival_noodles, layout_basic
D:2:      layout_loops_ring, uniq_robin
D:3:      layout_loops_cross, xom_redecorated, trog_three_pillars_becter,
          serial_aquarium, aquarium_bridge_straight [aquarium_subvault_bridge,
          aquarium_subvault_wall, aquarium_subvault_bridge,
          aquarium_subvault_wall], aquarium_window_fake, aquarium_window_2,
          aquarium_window_corridor_3, aquarium_window_1, aquarium_view_2c,
          aquarium_pool_S, serial_shops, shop, minmay_cupped, uniq_sigmund
D:4:      layout_basic, mainiacjoe_overflow_boulevard,
          nicolae_qazlal_beasts_of_the_sky, roderic_batcave, uniq_menkaure,
          uniq_grinder, uniq_natasha
D:5:      layout_basic, nicolae_uskayaw_en_pointe, portal_sewer_entry_f,
          uniq_duvessa
D:6:      layout_cave_pools, mainiacjoe_overflow_six_doors_small,
          grunt_gozag_breadcrumbs, uniq_pikel
D:7:      layout_basic, mainiacjoe_overflow_big_doors,
          minmay_temple_entry_stoned_glass, kennysheep_cluttered_room
D:8:      layout_rooms, nicolae_shop_i_like_big_books
D:9:      layout_loops_corners, nicolae_ru_awakened_eye,
          nicolae_overflow_hidden_temple, lair_entry_dummy,
          kennysheep_generic_room_6, uniq_erolcha
Temple:   hellmonk_temple_divided_pantheon
Abyss:1:  base: Temple, hangedman_eye_storm, abyss_greek_temple

Skill      XL: |  1  2  3  4  5  6  7  8  9 10 |
---------------+-------------------------------+-----
Earth Magic    | 4 5 6 7 8 9 |  9.4
Spellcasting   | 3 4 |  4.0
Conjurations   | 1 2 3 4 6 7 |  7.1
Transmutations | 3 4 6 7 |  7.0
Shields        | 4 8 |  8.5
Fighting       | 6 |  6.2
Dodging        | |  1.5
Stealth        | |  2.1

Action                     |  1- 3 |  4- 6 |  7- 9 | 10-12 || total
---------------------------+-------+-------+-------+-------++-------
  Melee: Spear             |    18 |    17 |    10 |       ||    45
         Hand axe          |       |       |     3 |     1 ||     4
   Cast: Sandblast         |    39 |    37 |    94 |    61 ||   231
         Stone Arrow       |       |     9 |    74 |    36 ||   119
         Petrify           |       |       |     1 |       ||     1
    Use: Scroll            |     5 |       |    13 |     7 ||    25
         Potion            |       |       |     1 |     1 ||     2
 Armour: Robe              |    14 |     6 |       |       ||    20
         Leather armour    |       |    27 |    47 |    16 ||    90
         Acid dragon scale |       |       |       |     9 ||     9
  Dodge: Dodged            |    22 |    27 |    67 |    24 ||   140
  Block: Kite shield       |       |       |     9 |    33 ||    42
